 Dungeon Crawl Stone Soup version 0.30-a0-377-g5cb311bc9f (webtiles) character file.

Game seed: 12929127275076758578

697 qeuew the Shield-Bearer (level 7, 0/56 HPs)
             Began as a Formicid Fighter on Nov 30, 2022.
             Slain by an ogre
             ... wielding a +0 giant club
              (25 damage)
             ... on level 4 of the Dungeon.
             The game lasted 00:03:12 (2919 turns).

qeuew the Shield-Bearer (Formicid Fighter)          Turns: 2919, Time: 00:03:13

Health: 0/56       AC: 10    Str: 27    XL:     7   Next: 97%
Magic:  7/7        EV: 11    Int:  6    God:
Gold:   209        SH:  5    Dex: 12    Spells: 6/6 levels left

rFire   . . .      SeeInvis +    a - +1 war axe (venom)
rCold   . . .      Faith    .    c - +0 buckler
rNeg    + . .      Spirit   .    b - +0 scale mail
rPois   .          Reflect  .    (helmet unavailable)
rElec   +          Harm     .    m - +2 cloak
rCorr   .          Rampage  .    (no gloves)
Will    .....                    (no boots)
Stlth   ..........               (no amulet)
HPRegen 0.29/turn                g - ring of positive energy
MPRegen 0.10/turn                (no ring)

@: no status effects
A: permanent stasis, dig shafts and tunnels, antennae 3, four strong arms,
electricity resistance, strong 1
a: Dig, Shaft Self


You were on level 4 of the Dungeon.
You visited 1 branch of the dungeon, and saw 4 of its levels.

You collected 209 gold pieces.

Inventory:

Hand Weapons
 a - a +1 war axe of venom (weapon)
Armour
 b - a +0 scale mail (worn)
 c - a +0 buckler (worn)
 m - a +2 cloak (worn)
Jewellery
 g - a ring of positive energy (left hand)
Wands
 j - a wand of roots (7)
Scrolls
 l - a scroll of summoning
Potions
 d - 2 potions of might
 e - a potion of heal wounds
 f - a potion of flight {unknown}


   Skills:
 + Level 5.0 Fighting
 + Level 3.8 Axes
 + Level 5.0 Armour
 + Level 3.0 Dodging
 + Level 6.0 Shields
 + Level 2.1 Evocations


You had 6 spell levels left.
You didn't know any spells.
Your spell library was empty.

Dungeon Overview and Level Annotations

Branches:
Dungeon (4/15)
 Temple: D:4-7

Altars:


Innate Abilities, Weirdness & Mutations

You cannot be hasted, slowed, berserked, paralysed or teleported.
You can dig through walls and to a lower floor.
You have a pair of large antennae on your head. (SInv)
Your four strong arms can wield two-handed weapons with a shield.
You are resistant to electric shocks. (rElec)
Your muscles are strong. (Str +4, Int/Dex -1)


Message History

The black bear bites you.
The black bear claws you but does no damage.
The black bear barely misses you.
You hit the black bear.
The black bear looks as sick as possible!
The black bear is almost dead.
You slash the orc!
You kill the orc!
The black bear bites you but does no damage.
The black bear claws you. The black bear misses you. The black bear bites you.
You block the black bear's attack. The black bear claws you.
A goblin comes into view. It is wielding a +0 club.
The black bear completely misses you. The black bear closely misses you.
The black bear misses you.
You are too injured to fight recklessly!
Unknown command.
You are too injured to fight recklessly!
You are too injured to fight recklessly!
The goblin shouts!
You slash the black bear!
You kill the black bear!
Your Fighting skill increases to level 5!
Your Armour skill increases to level 5!
Your Dodging skill increases to level 3!
Your Shields skill increases to level 6!
Your Evocations skill increases to level 2!
You are too injured to fight recklessly!
An ogre comes into view. It is wielding a +0 giant club.
Items here: ))) †.
The ogre shouts!
You block the goblin's attack.
You see here a black bear corpse.
You barely miss the goblin. The goblin hits you with a +0 club.
An orc comes into view. It is wielding a +0 dagger.
The goblin barely misses you. The ogre barely misses you.
You slice the goblin!!
You kill the goblin!
You hit the ogre.
The ogre is poisoned.
The ogre hits you with a +0 giant club!!
You die...

#####........###.#
#########.###
###.####.....####......†...<.
##.# #....... ..#.....#####
#..# #.....# #..##### #.##
#.....# #..
#.#####.....####.#
#.......###......#
#######....)## #####@.#
#)O...... #o#####.. ... ...
..... { ..$.. .......


You could see an ogre (very poisoned) and an orc.

Vanquished Creatures
  Sigmund (D:2)
  2 black bears (D:4)
  2 scorpions (D:4)
  A jelly (D:4)
  Jessica (D:2)
  An orc wizard (D:3)
  4 gnolls (D:2)
  2 adders (D:2)
  3 worms
  A dart slug (D:1)
  6 orcs
  4 ball pythons
  2 bats (D:2)
  4 endoplasms
  5 giant cockroaches
  11 goblins
  8 hobgoblins
  3 quokkas
  4 frilled lizards
  4 kobolds
  9 rats
78 creatures vanquished.

Notes
Turn   | Place    | Note
-------+----------+-------------------------------------------
     0 | D:1      | qeuew the Formicid Fighter began the quest for the Orb.
     0 | D:1      | Reached XP level 1. HP: 18/18 MP: 1/1
   234 | D:1      | Reached XP level 2. HP: 14/24 MP: 2/2
   303 | D:1      | Found a faded altar of an unknown god.
   882 | D:2      | Reached XP level 3. HP: 25/29 MP: 3/3
  1097 | D:2      | Noticed Sigmund
  1104 | D:2      | Killed Sigmund
  1105 | D:2      | Reached skill level 1 in Dodging
  1105 | D:2      | Reached skill level 5 in Shields
  1105 | D:2      | Reached XP level 4. HP: 15/37 MP: 4/4
  1105 | D:2      | Reached XP level 5. HP: 17/42 MP: 5/5
  1105 | D:2      | Reached XP level 6. HP: 19/48 MP: 6/6
  1574 | D:2      | Noticed Jessica
  1582 | D:2      | Killed Jessica
  2613 | D:3      | Gained mutation: Your muscles are strong. (Str +4, Int/Dex
                  | -1) [potion of mutation]
  2613 | D:3      | Gained mutation: You are resistant to electric shocks.
                  | (rElec) [potion of mutation]
  2635 | D:4      | Reached skill level 1 in Evocations
  2635 | D:4      | Reached XP level 7. HP: 55/55 MP: 7/7
  2916 | D:4      | Reached skill level 5 in Fighting
  2916 | D:4      | Reached skill level 5 in Armour
  2916 | D:4      | Reached skill level 6 in Shields
  2919 | D:4      | Slain by an ogre

Illustrated notes

Levels and vault maps discovered:
D:1:      dpeg_arrival_stonehenge_8_columns, layout_basic,
          chequers_ecumenical_altar_island, minmay_misc_feat_cross
D:2:      minmay_diamond_boxcup, layout_basic, minivault_26, uniq_sigmund,
          uniq_jessica
D:3:      kennysheep_the_goblin_king, layout_basic
D:4:      layout_rooms, tso_oasis_becter

Skill      XL: |  1  2  3  4  5  6  7 |
---------------+----------------------+-----
Fighting       | 4 5 |  5.0
Axes           | 3 |  3.8
Armour         | 4 5 |  5.0
Dodging        | 1 2 3 |  3.0
Shields        | 5 6 |  6.0
Evocations     | 1 2 |  2.1

Action                   |  1- 3 |  4- 6 |  7- 9 || total
-------------------------+-------+-------+-------++-------
Melee: War axe           |    54 |   117 |    34 ||   205
 Abil: Dig               |     2 |       |       ||     2
  Use: Scroll            |       |     7 |       ||     7
       Potion            |       |     3 |       ||     3
Armor: Scale mail        |    16 |    50 |    16 ||    82
Dodge: Dodged            |    20 |    70 |    24 ||   114
Block: Buckler           |    20 |    43 |    10 ||    73

Table legend: (Time is in decaauts)
 A = Elapsed time spent in this place.
 B = Non-inter-level travel time spent in this place.
 C = Inter-level travel time spent in this place.
 D = Time resting spent in this place.
 E = Time spent auto-exploring this place.
 F = Levels seen in this place.
 G = Mean time per level.
                   A        B        C        D        E       F      G
               +--------+--------+--------+--------+--------+-----+--------+
         Total |   3003 |   2830 |    173 |    100 |   2215 |   4 |  750.8 |
       Dungeon |   3003 |   2830 |    173 |    100 |   2215 |   4 |  750.8 |
               +--------+--------+--------+--------+--------+-----+--------+

Top non-repeatable levels by time:
     D:2: 1357 daAuts
     D:1: 881 daAuts
     D:3: 460 daAuts
     D:4: 303 daAuts
